 Dungeon Crawl Stone Soup version 0.17-a0-1564-g7b572aa (webtiles) character file.

2683 patman the Basher (level 9, 0/76 HPs)
             Began as a Gargoyle Berserker on July 21, 2015.
             Was an Elder of Trog.
             Slain by an orc warrior
             ... wielding a +0 hand axe
              (9 damage)
             ... on level 8 of the Dungeon.
             The game lasted 00:10:26 (4146 turns).

patman the Basher (Gargoyle Berserker)              Turns: 4146, Time: 00:10:26

Health: 0/76       AC:  9    Str: 25    XL:     9   Next: 64%
Magic:  9/9        EV: 12    Int:  9    God:    Trog [****..]
Gold:   265        SH:  0    Dex: 12    Spells: 0 memorised, 8 levels left

rFire  . . .     SeeInvis .     y - +0 flail
rCold  . . .     Clarity  .     l - +0 leather armour
rNeg   + . .     SustAt   .     (no shield)
rPois  ∞         Gourm    .     (no helmet)
rElec  +         Spirit   .     v - +0 cloak
rCorr  .         Warding  .     (no gloves)
rMut   .         Stasis   .     (no boots)
MR     .....                    (no amulet)
Stlth  ..........               (no ring)
                                i - ring of loudness

@: berserking (expiring), very quick, not resistant to hostile enchantments,
extremely unstealthy
A: negative energy resistance 1, electricity resistance, unbreathing,
petrification resistance, rot immunity, AC +5
a: Burn Spellbooks, Berserk, Trog's Hand, Brothers in Arms, Renounce Religion


You were on level 8 of the Dungeon.
You worshipped Trog.
Trog was greatly pleased with you.
You were hungry.

You visited 1 branch of the dungeon, and saw 8 of its levels.

You collected 265 gold pieces.

Inventory:

Hand weapons
 a - a +0 mace
 y - a +0 flail (weapon)
 D - a +2 morningstar
Missiles
 e - a throwing net (quivered)
 p - 47 stones
Armour
 l - a +0 leather armour (worn)
 v - a +0 cloak (worn)
Jewellery
 i - a ring of loudness (left hand)
Magical devices
 w - a wand of fire (4)
 C - a wand of disintegration (4)
Scrolls
 b - a scroll of remove curse
 d - a scroll of teleportation
 g - a scroll of enchant weapon {unknown}
 k - a scroll of fear
 n - a scroll of blinking {unknown}
 q - a scroll of random uselessness {unknown}
 t - a scroll of recharging {unknown}
 u - a scroll of fog {unknown}
 x - a scroll of enchant armour {unknown}
Potions
 f - a potion of heal wounds
 h - 2 potions of haste
 j - a potion of ambrosia
 o - 2 potions of curing
 r - 2 potions of lignification
 s - a potion of magic
Comestibles
 c - 4 bread rations
 m - 2 meat rations
 z - 6 chunks of flesh
 A - 2 beef jerkies
 B - 7 slices of pizza


   Skills:
 - Level 3.2 Fighting
 + Level 12.8 Maces & Flails
 - Level 2.1 Armour
 - Level 1.5 Dodging


You had 8 spell levels left.
You didn't know any spells.

Dungeon Overview and Level Annotations

Branches:
Dungeon (8/15)             Temple (0/1) D:6
   Lair: D:8-11

Altars:
Ashenzari
Elyvilon
Fedhas
Gozag
Kikubaaqudgha
Makhleb
Nemelex Xobeh
Zin


Innate Abilities, Weirdness & Mutations

You are resistant to torment.
Your stone body is resilient (AC +5).
You are immune to poison.
You resist negative energy.
You are resistant to electric shocks.
You can survive without breathing.
You are immune to petrification.
You are immune to rotting.


Message History

You barely miss the giant gecko.
The giant gecko is moderately wounded.
You are feeling hungry.
You thump the giant gecko!
You kill the giant gecko!
Trog accepts your kill.
The orc warrior hits you with a hand axe!
* * * LOW HITPOINT WARNING * * *
Things that are here:
an uncursed shortbow; 10 arrows of flame; a centaur corpse You hit the orc warrior.
The orc warrior is moderately wounded.
You closely miss the orc warrior.
The orc warrior is moderately wounded.
An orc comes into view.
The orc shouts!
You sock the orc warrior!
The orc warrior is almost dead.
The orc warrior hits you with a hand axe!
You die...

###############
.)............#######
#############[.)....#
###(#####.###
#.((........# #####
#.####@####.# ......
... #.o...# ######
...#.#.......#
.....#.#.......# ....
#..^.._..... #.#
#.#.......#.. #.
#.#.......#..# #
##.....## o#


You could see an orc warrior and an orc.

Vanquished Creatures
  Grinder (D:6)
  A hippogriff (D:7)
  A hog (D:7)
  A human (D:7)
  An ogre (D:4)
  An ice beast (D:6)
  A black bear (D:6)
  A phantom (D:8)
  3 centaurs
  A big kobold (D:8)
  4 giant frogs
  A wyvern skeleton (D:6)
  A water moccasin skeleton (D:6)
  2 wights (D:8)
  A scorpion (D:5)
  A crimson imp (D:6)
  An orc priest (D:8)
  A jelly (D:7)
  2 iguanas
  Crazy Yiuf (D:6)
  A gnoll shaman (D:8)
  A centaur skeleton (D:7)
  4 giant frog zombies
  3 hounds
  7 worker ants
  An orc wizard (D:7)
  3 sheep (D:7)
  2 worker ant zombies
  9 adders
  3 gnolls (D:8)
  A shadow imp (D:7)
  An ooze (D:2)
  An adder skeleton (D:4)
  An adder zombie (D:7)
  3 giant geckos
  11 orcs
  A bat zombie (D:5)
  5 giant cockroaches
  A goblin (D:3)
  7 hobgoblins
  2 jackals (D:2)
  A ball python (D:4)
  5 bats
  A giant gecko zombie (D:5)
  2 giant newts (D:4)
  16 kobolds
  A quokka skeleton (D:5)
  7 rats
128 creatures vanquished.

Notes
Turn   | Place    | Note
--------------------------------------------------------------
     0 | D:1      | patman the Gargoyle Berserker began the quest for the Orb.
     0 | D:1      | Reached XP level 1. HP: 14/14 MP: 1/1
    76 | D:2      | Reached XP level 2. HP: 5/19 MP: 2/2
   370 | D:2      | Reached skill level 4 in Maces & Flails
   370 | D:2      | Reached XP level 3. HP: 15/23 MP: 3/3
   992 | D:3      | Reached XP level 4. HP: 24/28 MP: 4/4
  1255 | D:4      | Noticed a giant frog
  1263 | D:4      | Killed a giant frog
  1263 | D:4      | Reached skill level 5 in Maces & Flails
  1263 | D:4      | Reached XP level 5. HP: 26/32 MP: 5/5
  1313 | D:4      | Acquired Trog's second power
  1356 | D:4      | Noticed an ogre
  1375 | D:4      | Killed an ogre
  1375 | D:4      | Reached skill level 6 in Maces & Flails
  1428 | D:4      | Reached XP level 6. HP: 37/37 MP: 6/6
  1973 | D:5      | Entered Level 5 of the Dungeon
  1986 | D:5      | Reached skill level 7 in Maces & Flails
  2157 | D:4      | Found a blossoming altar of Fedhas.
  2167 | D:4      | Reached XP level 7. HP: 16/41 MP: 7/7
  2193 | D:6      | Found an ancient bone altar of Kikubaaqudgha.
  2227 | D:6      | Noticed Crazy Yiuf
  2239 | D:6      | Killed Crazy Yiuf
  2317 | D:6      | Reached skill level 8 in Maces & Flails
  2365 | D:6      | Found a burning altar of Makhleb.
  2365 | D:6      | Found an opulent altar of Gozag.
  2365 | D:6      | Found a white marble altar of Elyvilon.
  2371 | D:6      | Noticed Grinder
  2451 | D:6      | Found a staircase to the Ecumenical Temple.
  2484 | D:6      | Paralysed by Grinder for 7 turns
  2500 | D:6      | Killed Grinder
  2500 | D:6      | Reached skill level 9 in Maces & Flails
  2500 | D:6      | Reached XP level 8. HP: 11/46 MP: 8/8
  2642 | D:6      | Reached skill level 10 in Maces & Flails
  2644 | D:6      | Found a sparkling altar of Nemelex Xobeh.
  3041 | D:7      | Found a glowing silver altar of Zin.
  3086 | D:7      | Reached skill level 11 in Maces & Flails
  3401 | D:7      | Reached XP level 9. HP: 37/51 MP: 9/9
  3542 | D:7      | Reached skill level 12 in Maces & Flails
  3918 | D:8      | Acquired Trog's third power
  4129 | D:8      | Found a shattered altar of Ashenzari.
  4146 | D:8      | Slain by an orc warrior

Vault maps used:
D:1:      moated_graveyard_arrival
D:2:      lemuel_coloured_pillars_altar
D:3:      first_bread, minmay_cut_off
D:4:      kennysheep_big_flooded_room, fedhas_bush_and_centaur_altar
D:5:      minivault_4, uniq_eustachio, uniq_pikel
D:6:      lemuel_crystal_altar, gammafunk_temple_overflow_forgotten,
          minmay_temple_entry_trees, nemelex_xobeh_ov_fountains_minmay,
          uniq_menkaure, uniq_crazy_yiuf_cottage, uniq_grinder
D:7:      lightli_temple_of_fire, basic_altar, grunt_livestock,
          minmay_three_doors
D:8:      grunt_dithmenos_shadows, old_standard_altar,
          grunt_lair_entry_elf_guard_hut, uniq_erica

Action                   |  1- 3 |  4- 6 |  7- 9 || total
-------------------------+-------+-------+-------++-------
Melee: Mace              |   112 |   126 |   315 ||   553
       Flail             |       |       |    78 ||    78
Invok: Berserk           |       |     1 |     9 ||    10
  Use: Scroll            |       |     4 |     6 ||    10
       Potion            |       |       |     1 ||     1
  Eat: Chunk             |       |     3 |     8 ||    11
       Meat ration       |       |     1 |       ||     1
       Bread ration      |       |       |     1 ||     1
